 Dungeon Crawl Stone Soup version 0.28-a0-793-g31680bbd8b (webtiles) character file.

Game seed: 11268453730511030964

156 Astera the Sneak (level 5, -5/44 HPs)
             Began as a Naga Hedge Wizard on Nov 5, 2021.
             Was a Follower of Jiyva.
             Slain by Pargi (8 damage)
             ... on level 3 of the Dungeon.
             The game lasted 00:06:57 (2241 turns).

Astera the Sneak (Naga Hedge Wizard)                Turns: 2241, Time: 00:06:58

Health: -5/44      AC:  3    Str: 13    XL:     5   Next: 38%
Magic:  10/10      EV:  9    Int: 14    God:    Jiyva [*.....]
Gold:   52         SH:  0    Dex: 11    Spells: 10/11 levels left

rFire   . . .      SeeInvis +   e - +3 rapier
rCold   . . .      Faith    .   (no shield)
rNeg    . . .      Spirit   .   g - +0 leather armour
rPois   +          Reflect  .   c - +0 hat
rElec   .          Harm     .   (no cloak)
rCorr   .          Rampage  .   (no gloves)
Will    .....                   (no barding)
Stlth   +++.......              (no amulet)
HPRegen 0.14/turn               (no ring)
MPRegen 0.12/turn               (no ring)

@: very slow
A: AC +1, large, see invisible, deformed body, poison resistance, slowness 2,
spit poison 1, naga tail 1
a: Spit Poison, Renounce Religion, Request Jelly


You were on level 3 of the Dungeon.
You worshipped Jiyva.
Jiyva was aware of your devotion.
You visited 1 branch of the dungeon, and saw 3 of its levels.

You collected 52 gold pieces.

Inventory:

Hand Weapons
 e - a +3 rapier (weapon)
Missiles
 i - 15 poisoned darts
 k - 9 boomerangs
Armour
 c - a +0 hat (worn)
 g - a +0 leather armour (worn)
Scrolls
 a - 2 scrolls of teleportation {unknown}
 d - 2 scrolls of noise {unknown}
 f - 2 scrolls of magic mapping {unknown}
 h - 3 scrolls of identify {unknown}
Potions
 b - a potion of flight {unknown}
 j - a potion of magic {unknown}


   Skills:
 + Level 1.0 Fighting
 + Level 0.9 Armour
 + Level 2.0 Dodging
 * Level 5.6 Stealth
 + Level 3.8 Spellcasting
 + Level 1.6 Conjurations
 + Level 1.0 Summonings
 + Level 1.0 Translocations


You had 10 spell levels left.
You knew the following spells:

 Your Spells              Type           Power      Damage    Failure   Level
a - Magic Dart            Conj           28%        1d4       13%         1

Your spell library contained the following spells:

 Spells                   Type           Power      Damage    Failure   Level
 Slow                     Hex            8%         N/A       26%         1
 Blink                    Tloc           10%        N/A       26%         2
 Call Imp                 Summ           5%         N/A       26%         2
 Conjure Flame            Conj/Fire      4%         6-21      47%         3
 Mephitic Cloud           Conj/Pois/Air  4%         N/A       52%         3


Dungeon Overview and Level Annotations

Branches:
Dungeon (3/15)

Altars:
Jiyva

Shops:
D:2 *

Annotations:
D:3 Pargi


Innate Abilities, Weirdness & Mutations

Your serpentine skin is tough. (AC +1)
You have supernaturally acute eyesight. (SInv)
Armour fits poorly on your strangely shaped body.
Your system is resistant to poisons. (rPois)
You cover ground very slowly.
You can spit poison.
You have a snake-like lower body.


Message History

You kill the adder!
Your Dodging skill increases to level 2!
You see here an adder corpse.
A worm comes into view.
You hear a distant slurping noise.
The worm bites you!
You puncture the worm!
The worm is heavily wounded.
You hit the worm.
The worm is severely wounded.
The worm barely misses you.
You hit the worm but do no damage.
The worm is severely wounded.
The worm bites you.
You puncture the worm!
You kill the worm!
Found a scroll labelled ARUHEU YTTOH.
You see here a worm corpse.
h - 3 scrolls labelled ARUHEU YTTOH (gained 1)
You hear a distant slurping noise.
You hear a distant slurping noise.
Pargi the Meek comes into view.
You hear a distant slurping noise.
You hear a distant slurping noise.
Jiyva appreciates your sacrifice. Pargi closely misses you. x3
You barely miss Pargi. Pargi bites you but does no damage. Pargi claws you.
Pargi completely misses you.
You hit Pargi but do no damage. Pargi bites you.
Pargi claws you but does no damage. Pargi claws you.
You barely miss Pargi. Pargi bites you.
* * * LOW HITPOINT WARNING * * *
Pargi claws you.
* * * LOW HITPOINT WARNING * * *
Pargi claws you.
* * * LOW HITPOINT WARNING * * *
You barely miss Pargi. Pargi bites you but does no damage. Pargi claws you.
* * * LOW HITPOINT WARNING * * *
Pargi claws you but does no damage. Pargi bites you!
You die...

#.#.#
#.#.#
#...#
#..## #..#
#..# #..#
#..#####.#
#..@T....#
##.#####.#
#.# #.#
#.# #.#
#.. ###


You could see Pargi.

Vanquished Creatures
  An ogre (D:3)
  3 adders
  2 worms
  A dart slug (D:1)
  7 ball pythons
  2 endoplasms (D:1)
  3 giant cockroaches
  4 goblins
  3 hobgoblins
  5 kobolds
  4 bats
  A frilled lizard (D:1)
  2 rats (D:1)
38 creatures vanquished.

Vanquished Creatures (others)
  2 worms (D:2)
  2 endoplasms (D:2)
  A ball python (D:2)
  A giant cockroach (D:2)
  A hobgoblin (D:2)
  A goblin (D:2)
  2 kobolds
  3 rats (D:2)
  2 fungi (D:1)
15 creatures vanquished.

Grand Total: 53 creatures vanquished

Notes
Turn   | Place    | Note
-------+----------+-------------------------------------------
     0 | D:1      | Astera the Naga Hedge Wizard began the quest for the Orb.
     0 | D:1      | Reached XP level 1. HP: 15/15 MP: 4/4
   100 | D:1      | Reached XP level 2. HP: 9/22 MP: 6/6
   695 | D:1      | Reached XP level 3. HP: 28/28 MP: 2/8
   872 | D:1      | Found a faded altar of an unknown god.
   890 | D:1      | Prayed at the altar of an unknown god.
   890 | D:1      | Became a worshipper of Jiyva Jouty the Shapeless
   890 | D:1      | Reached * piety under Jiyva
  1152 | D:2      | Found Bompoqel's Assorted Antiques.
  1249 | D:2      | Reached skill level 4 in Stealth
  1722 | D:2      | Reached XP level 4. HP: 36/36 MP: 9/9
  1988 | D:3      | Noticed an ogre
  1995 | D:3      | Killed an ogre
  1996 | D:3      | Reached skill level 1 in Fighting
  1996 | D:3      | Reached skill level 5 in Stealth
  1996 | D:3      | Reached XP level 5. HP: 17/44 MP: 10/10
  2234 | D:3      | Noticed Pargi
  2241 | D:3      | Slain by Pargi

Illustrated notes

Levels and vault maps discovered:
D:1:      dpeg_arrival_simpleton_c, layout_rooms,
          shapermc_ecumenical_altar_ellora, serial_rivers,
          chequers_serial_rivers_large_b, chequers_serial_rivers_marsh,
          chequers_serial_rivers_marsh, chequers_serial_rivers_room_b,
          chequers_serial_rivers_micro_c
D:2:      minmay_chambers_of_ones, layout_basic, serial_shops, shop
D:3:      layout_loops_ring, gammafunk_ghost_arena, uniq_pargi

Skill      XL: |  1  2  3  4  5 |
---------------+----------------+-----
Stealth        | 4 5 |  5.6
Fighting       | 1 |  1.0
Dodging        | 2 |  2.0
Armour         | |  0.9
Spellcasting   | |  3.8
Conjurations   | |  1.6
Summonings     | |  1.0
Translocations | |  1.0

Action                   |  1- 3 |  4- 6 || total
-------------------------+-------+-------++-------
Melee: Dagger            |     4 |       ||     4
       Rapier            |    49 |    22 ||    71
 Cast: Magic Dart        |    24 |       ||    24
 Stab: Sleeping          |     4 |     1 ||     5
       Distracted        |     2 |       ||     2
Armor: Robe              |     3 |       ||     3
       Leather armour    |    13 |     7 ||    20
Dodge: Dodged            |    26 |    13 ||    39

Table legend: (Time is in decaauts)
 A = Elapsed time spent in this place.
 B = Non-inter-level travel time spent in this place.
 C = Inter-level travel time spent in this place.
 D = Time resting spent in this place.
 E = Time spent auto-exploring this place.
 F = Levels seen in this place.
 G = Mean time per level.
                   A        B        C        D        E       F      G
               +--------+--------+--------+--------+--------+-----+--------+
         Total |   2812 |   2710 |    102 |    448 |   1548 |   3 |  937.3 |
       Dungeon |   2812 |   2710 |    102 |    448 |   1548 |   3 |  937.3 |
               +--------+--------+--------+--------+--------+-----+--------+

Top non-repeatable levels by time:
     D:2: 1399 daAuts
     D:1: 1324 daAuts
     D:3: 88 daAuts
